 Dungeon Crawl Stone Soup version 0.23.2-1-ga50397a6bc (webtiles) character file.

Game seed: 15799725565639202404

26432 Revguard the Severer (level 13, 0/113 HPs)
             Began as a Hill Orc Fighter on May 2, 2019.
             Was a High Priest of Beogh.
             Slain by a wolf spider simulacrum (4 damage)
             ... on level 14 of the Dungeon.
             The game lasted 00:46:21 (13752 turns).

Revguard the Severer (Hill Orc Fighter)            Turns: 13752, Time: 00:46:21

Health: 0/113      AC: 26    Str: 25      XL:     13   Next: 26%
Magic:  28/30      EV:  6    Int:  9 (10) God:    Beogh [*****.]
Gold:   262        SH: 19    Dex: 16      Spells: 12/12 levels left

rFire    . . .     SeeInvis +   a - +1 war axe
rCold    x . .     Gourm    .   B - +0 large shield
rNeg     + . .     Faith    .   m - +0 plate armour
rPois    +         Spirit   .   (no helmet)
rElec    .         Reflect  .   z - +2 cloak
rCorr    .         Harm     .   e - +0 pair of gloves "Quros Lawit" {Int+2}
MR       .....                  O - +2 pair of boots {Fly}
Stlth    ..........             o - amulet of rage
HPRegen  0.28/turn              F - ring of Aporanupn {rPois rC- AC+4 Str+7 SInv}
MPRegen  0.22/turn              w - ring "Paifaak" {rPois rN+ MP+9 Str-3 Dex+3}

@: flying
A: walk on water, thin skeletal structure 1, clumsy 1, deterioration 1
a: Smiting, Recall Orcish Followers, Give Item to Named Follower, Renounce
Religion, Evoke Berserk Rage, Stop Flying


You were on level 14 of the Dungeon.
You worshipped Beogh.
Beogh was extremely pleased with you.
You were hungry.

You visited 2 branches of the dungeon, and saw 15 of its levels.

You collected 1211 gold pieces.
You spent 949 gold pieces at shops.

Inventory:

Hand Weapons
 a - a +1 war axe (weapon)
 y - a +1 falchion of flaming
 A - a +1 dagger of venom
 D - a +1 mace of protection
 E - a +0 glaive
 L - a +0 battleaxe
 M - a +0 scimitar
 P - a +3 flail
Armour
 e - the +0 pair of gloves "Quros Lawit" (worn) {Int+2}
   (You found it on level 8 of the Dungeon)

   It affects your intelligence (+2).
 m - a +0 plate armour (worn)
 z - a +2 cloak (worn)
 B - a +0 large shield (worn)
 C - a +2 leather armour of magic resistance
 K - +0 steam dragon scales
 O - a +2 pair of boots of flying (worn)
Jewellery
 b - an uncursed ring of protection from cold
 h - an uncursed ring of see invisible
 n - an uncursed ring of protection from fire
 o - an amulet of rage (around neck)
 w - the ring "Paifaak" (right hand) {rPois rN+ MP+9 Str-3 Dex+3}
   (You found it on level 4 of the Dungeon)

   [ring of strength]

   It affects your strength (-3).
   It affects your dexterity (+3).
   It protects you from poison.
   It protects you from negative energy.
   It affects your magic capacity (+9).
 F - the ring of Aporanupn (left hand) {rPois rC- AC+4 Str+7 SInv}
   (You bought it in a shop on level 4 of the Dungeon)

   [ring of protection]

   It affects your AC (+4).
   It affects your strength (+7).
   It makes you vulnerable to cold.
   It protects you from poison.
   It lets you see invisible.
Wands
 c - a wand of scattershot (5)
 g - a wand of acid (13)
 i - a wand of random effects (28)
 k - a wand of paralysis (3)
 s - a wand of iceblast (3)
 H - a wand of polymorph (11)
 R - a wand of digging (8)
Scrolls
 p - 5 scrolls of amnesia
 q - 7 scrolls of teleportation
 u - a scroll of immolation
 v - a scroll of enchant weapon
 x - 3 scrolls of remove curse
 G - a scroll of magic mapping
 I - 4 scrolls of identify
Potions
 d - a potion of might
 j - 4 potions of curing
 l - a potion of brilliance
 r - 2 potions of flight
 t - a potion of heal wounds
 J - a potion of haste
 Q - a potion of agility
Comestibles
 f - 20 rations


   Skills:
 + Level 10.1 Fighting
 + Level 15.6 Axes
 + Level 9.5 Armour
 + Level 2.6 Dodging
 + Level 10.8 Shields
 * Level 11.2 Invocations
 + Level 5.6 Evocations


You had 12 spell levels left.
You didn't know any spells.
Your spell library contained the following spells:

 Spells                   Type           Power        Failure   Level  Hunger
 Beastly Appendage        Tmut           #.....       100%        1    ##.....
 Corona                   Hex            #......      100%        1    ##.....
 Ensorcelled Hibernation  Hex/Ice        #.....       100%        2    ###....
 Sticks to Snakes         Tmut           #.......     100%        2    ###....
 Confuse                  Hex            #.......     100%        3    ####...
 Dazzling Spray           Conj/Hex       #.....       100%        3    ####...
 Spider Form              Tmut/Pois      #.........   100%        3    ####...
 Tukima's Dance           Hex            #.......     100%        3    ####...
 Ice Form                 Ice/Tmut       #.......     100%        4    #####..
 Blade Hands              Tmut           #.........   100%        5    ######.
 Metabolic Englaciation   Hex/Ice        #.........   100%        5    ######.
 Bolt of Cold             Conj/Ice       #.........   100%        6    #######
 Freezing Cloud           Conj/Ice/Air   #.........   100%        6    #######
 Ozocubu's Refrigeration  Ice            #.........   100%        6    #######
 Simulacrum               Ice/Necr       #.........   100%        6    #######


Dungeon Overview and Level Annotations

Branches:
Dungeon (14/15)            Temple (1/1) D:5            Lair (0/6) D:11
    Orc (0/2) D:9
 Vaults: D:13-14

Altars:
Ashenzari
Cheibriados
Dithmenos
Elyvilon
Fedhas
Gozag
Hepliaklqana
Kikubaaqudgha
Makhleb
Nemelex Xobeh
Okawaru
Qazlal
Ru
Sif Muna
Trog
Uskayaw
Vehumet
Wu Jian
Xom
Yredelemnul
Zin
The Shining One

Shops:
D:4 %!=(   D:7 ?%}   D:14 [=

Portals:
Trove: D:13 (give horn of Geryon)


Innate Abilities, Weirdness & Mutations

You can walk on water.
You have a somewhat thin skeletal structure. (Dex +2, Stealth)
You are clumsy. (Dex -2)
Your body sometimes deteriorates upon taking damage.


Message History

Aim: Norbak the orc knight, wielding a +0 club, quivering 12 bolts and carrying a +0 arbalest (moderately wounded, friendly)
The floor, spattered with blood.
Give which item? (? for menu, Esc to quit)
Norbak wears a +0 plate armour.
The centaur hits you. The wolf spider simulacrum hits you.
The wolf spider simulacrum freezes you!!
You feel a terrible chill!
* * * LOW HITPOINT WARNING * * *
Your body deteriorates!
You feel dopey.
The wolf spider simulacrum bites you but does no damage.
Norbak hits the wolf spider simulacrum with a +0 club!
You block the centaur's attack. x2; The centaur hits Norbak.
You block the centaur's attack. The centaur barely misses you.
The wolf spider simulacrum hits you.
* * * LOW HITPOINT WARNING * * *
The wolf spider simulacrum freezes you!!
You feel a terrible chill!
* * * LOW HITPOINT WARNING * * *
The wolf spider simulacrum bites you.
You die...

#### ###### #####.... .....#
#....... . ####.## #.#.#.#....
oo....# #.........# ####..#
##.#(# ...# ≈≈..#.## ###..)c#
..... ..≈..#.####...)#c#.....#
_.≈..o#..o..##(Z@c..$.#
..≈.o#...#####)occ....#
≈≈..#.#### #..c.....# ##.
####.## #........# #.. ....##
######.....#### #.# ..###
...........# ##.##### ..#
.......<...## #......# ..#
#...........##### #......#
..#+#.#.......(.......###....>.#


You could see 6 centaurs, a wolf spider simulacrum and the friendly Norbak the
orc knight.

Vanquished Creatures
  Kirke (D:13)
  A hydra (D:8)
  A centaur warrior (D:14)
  2 two-headed ogres
  3 skeletal warriors (D:13)
  2 unseen horrors
  A deep elf mage (D:13)
  A cyclops (D:7)
  2 ugly things
  A black mamba (shapeshifter) (D:14)
  2 gargoyles
  A komodo dragon (D:14)
  4 trolls
  Grinder (D:4)
  2 dream sheep (D:8)
  A hornet (D:9)
  Prince Ribbit (D:9)
  5 hippogriffs
  A shadow (D:14)
  A vampire (D:14)
  3 wraiths (D:14)
  A hungry ghost (D:11)
  11 yaks
  A steam dragon (D:12)
  2 wyverns
  Grum (D:11)
  3 vampire mosquitoes
  7 orc warriors
  A phantom (D:9)
  3 ice beasts
  2 eyes of draining
  A sky beast (D:6)
  A hornet zombie (D:9)
  2 ogres (D:9)
  3 wolves (D:11)
  7 centaurs
  A necrophage (D:6)
  2 crocodiles (D:11)
  8 big kobolds
  11 bullfrogs
  A scorpion (D:7)
  A water moccasin skeleton (D:6)
  17 killer bees
  4 wights (D:8)
  2 howler monkeys (D:9)
  6 crimson imps
  2 bullfrog zombies
  5 centaur skeletons
  2 jellies
  A centaur zombie (D:9)
  4 orc priests
  5 hounds
  3 bullfrog skeletons
  2 quasits
  Crazy Yiuf (D:3)
  15 orc wizards
  Ijyb (D:3)
  Jessica (D:2)
  An iguana (D:14)
  8 worker ants
  A hound zombie (D:5)
  A hound skeleton (D:8)
  3 worker ant zombies
  11 adders
  2 howler monkey skeletons
  4 shadow imps
  4 adder skeletons
  4 worms
  A dart slug (D:3)
  7 leopard geckos
  25 orcs
  3 ball pythons (D:5)
  9 bats
  6 giant cockroaches
  8 goblins
  9 hobgoblins
  24 jackals
  A quokka (D:4)
  6 frilled lizards
  A goblin skeleton (D:5)
  4 hobgoblin zombies (D:5)
  28 kobolds
  A kobold skeleton (D:5)
  A kobold zombie (D:5)
  An orc skeleton (D:5)
  21 rats
  2 plants
375 creatures vanquished.

Vanquished Creatures (collateral kills)
  Erolcha (D:11)
  Josephine (D:14)
  An ogre mage (D:14)
  A two-headed ogre (D:14)
  An orb spider (shapeshifter) (D:13)
  An ugly thing (D:12)
  A centaur zombie (D:12)
  A guardian mummy (D:13)
  A hippogriff (D:11)
  A wraith (D:14)
  2 yaks (D:11)
  A shadow (D:13)
  2 hungry ghosts (D:10)
  3 vampire mosquitoes
  A soldier ant (D:12)
  An orc warrior (D:12)
  A centaur (D:12)
  A big kobold (D:10)
  A bullfrog (D:12)
  2 scorpions
  A hound (D:12)
  An orc priest (D:12)
  An adder (D:10)
  2 orcs
  A kobold (D:13)
31 creatures vanquished.

Vanquished Creatures (others)
  An orc warrior (D:13)
  A centaur skeleton (D:13)
  A hippogriff (D:13)
  2 orc wizards (D:14)
  An orc priest (D:7)
  6 orcs
  A plant (D:7)
13 creatures vanquished.

Grand Total: 419 creatures vanquished

Notes
Turn   | Place    | Note
-------+----------+-------------------------------------------
     0 | D:1      | Revguard the Hill Orc Fighter began the quest for the Orb.
     0 | D:1      | Reached XP level 1. HP: 19/19 MP: 1/1
   228 | D:1      | Reached XP level 2. HP: 27/27 MP: 2/2
   385 | D:1      | Reached skill level 3 in Axes
   576 | D:2      | Reached XP level 3. HP: 33/33 MP: 3/3
   700 | D:2      | Noticed Jessica
   703 | D:2      | Killed Jessica
   703 | D:2      | Reached XP level 4. HP: 36/40 MP: 4/4
   781 | D:2      | Found a basalt altar of Yredelemnul.
   810 | D:2      | Found an ornate altar of the Wu Jian Council.
   832 | D:2      | Found a white marble altar of Elyvilon.
   871 | D:2      | Found a faded altar of an unknown god.
  1616 | D:3      | Reached skill level 4 in Axes
  1628 | D:3      | Reached skill level 1 in Evocations
  1675 | D:3      | Reached XP level 5. HP: 45/47 MP: 5/5
  1866 | D:3      | Found a runed translucent door.
  1867 | D:3      | Noticed Crazy Yiuf
  1874 | D:3      | Killed Crazy Yiuf
  2006 | D:3      | Noticed Ijyb
  2025 | D:3      | Killed Ijyb
  2063 | D:3      | Noticed a centaur
  2076 | D:3      | Killed a centaur
  2076 | D:3      | Reached skill level 5 in Axes
  2076 | D:3      | Reached XP level 6. HP: 53/53 MP: 7/7
  2516 | D:4      | Noticed Grinder
  2525 | D:4      | Paralysed by Grinder for 2 turns
  2546 | D:4      | Paralysed by Grinder for 2 turns
  2548 | D:4      | Killed Grinder
  2548 | D:4      | Reached skill level 6 in Axes
  2548 | D:4      | Reached XP level 7. HP: 25/60 MP: 7/9
  2726 | D:4      | Found Eqeejuph's Food Emporium.
  2759 | D:4      | Found Iwkycw Besch's Jewellery Shop.
  2788 | D:4      | Found Hour's Distillery.
  2802 | D:4      | Bought a potion of heal wounds for 60 gold pieces
  2802 | D:4      | Bought a potion of heal wounds for 60 gold pieces
  2802 | D:4      | Bought 2 potions of heal wounds for 120 gold pieces
  2846 | D:4      | Reached skill level 5 in Fighting
  3029 | D:4      | Reached skill level 1 in Dodging
  3029 | D:4      | Reached skill level 5 in Shields
  3088 | D:4      | Got a vibrating golden ring
  3091 | D:4      | Identified the cursed ring "Paifaak" {rPois rN+ MP+9 Str-3
                  | Dex+3} (You found it on level 4 of the Dungeon)
  3100 | D:4      | Found Cuhitz's Antique Weapon Boutique.
  3464 | D:5      | Entered Level 5 of the Dungeon
  3635 | D:5      | Found an iron altar of Okawaru.
  3645 | D:5      | Got a twisted falchion
  3666 | D:5      | Found a staircase to the Ecumenical Temple.
  3676 | Temple   | Entered the Ecumenical Temple
  3981 | D:5      | Found a glowing golden altar of the Shining One.
  3991 | D:5      | Reached skill level 7 in Axes
  4074 | D:5      | Reached XP level 8. HP: 57/68 MP: 10/10
  4144 | D:5      | Found a deep blue altar of Sif Muna.
  4144 | D:5      | Found a stormy altar of Qazlal.
  4594 | D:5      | Identified the cursed +3 falchion of Exquisite Death
                  | {antimagic, rElec MR+ Dex+6} (You found it on level 5 of
                  | the Dungeon)
  4763 | D:6      | Reached skill level 8 in Axes
  4763 | D:6      | Reached skill level 5 in Armour
  5155 | D:7      | Reached XP level 9. HP: 41/75 MP: 12/12
  5184 | D:7      | Found Lobuatem's Gadget Shop.
  5205 | D:7      | Became a worshipper of Beogh the Brigand
  5222 | D:7      | Reached skill level 9 in Axes
  5230 | D:7      | Reached skill level 1 in Invocations
  5504 | D:7      | Found Qeicer's Food Boutique.
  5648 | D:7      | Found Esileris's Magic Scroll Emporium.
  5722 | D:7      | Noticed a cyclops
  5723 | D:7      | Noticed a red ugly thing
  5745 | D:7      | Killed a cyclops
  5745 | D:7      | Reached skill level 10 in Axes
  5851 | D:7      | Killed a red ugly thing
  5905 | D:7      | Gained mutation: You are clumsy. (Dex -2) [potion of
                  | mutation]
  5905 | D:7      | Gained mutation: Your body sometimes deteriorates upon
                  | taking damage. [potion of mutation]
  5905 | D:7      | Gained mutation: You have a somewhat thin skeletal
                  | structure. (Dex +2, Stealth) [potion of mutation]
  6141 | D:8      | Reached skill level 5 in Evocations
  6141 | D:8      | Reached XP level 10. HP: 30/86 MP: 13/13
  6446 | D:8      | Got a pair of faintly glowing gloves
  6452 | D:8      | Identified the cursed +0 pair of gloves "Quros Lawit"
                  | {Int+2} (You found it on level 8 of the Dungeon)
  6467 | D:8      | Reached skill level 11 in Axes
  6487 | D:8      | Reached * piety under Beogh
  6576 | D:8      | Reached skill level 5 in Invocations
  6747 | D:8      | Paralysed by an orc warrior for 6 turns
  6754 | D:8      | Paralysed by an orc warrior for 4 turns
  7396 | D:8      | Noticed a three-headed hydra
  7412 | D:8      | Killed a one-headed hydra
  7412 | D:8      | Reached skill level 12 in Axes
  7547 | D:8      | Found a snail-covered altar of Cheibriados.
  7731 | D:9      | Reached ** piety under Beogh
  7832 | D:9      | Noticed a white ugly thing
  7850 | D:9      | Found a staircase to the Orcish Mines.
  7863 | D:9      | Killed a white ugly thing
  7863 | D:9      | Reached XP level 11. HP: 77/93 MP: 16/16
  8143 | D:9      | Noticed Prince Ribbit
  8171 | D:9      | Killed Prince Ribbit
  8201 | D:9      | Noticed an unseen horror
  8213 | D:9      | Killed an unseen horror
  8213 | D:9      | Reached skill level 13 in Axes
  9141 | D:10     | Entered Level 10 of the Dungeon
  9212 | D:10     | Reached *** piety under Beogh
 10497 | D:4      | Bought the ring of Aporanupn {rPois rC- AC+4 Str+7 SInv}
                  | for 709 gold pieces
 10645 | D:11     | Noticed Grum
 10663 | D:11     | Killed Grum
 11106 | D:11     | Noticed Erolcha
 11111 | D:11     | Paralysed by Erolcha for 2 turns
 11113 | D:11     | Killed Erolcha
 11113 | D:11     | Reached XP level 12. HP: 88/103 MP: 18/18
 11226 | D:11     | Found a staircase to the Lair.
 11237 | D:11     | Reached skill level 14 in Axes
 11997 | D:12     | Reached **** piety under Beogh
 12024 | D:12     | Gained Norbak as an ally
 12546 | D:13     | Reached skill level 10 in Invocations
 12671 | D:13     | Noticed Kirke
 12672 | D:13     | Noticed a sphinx
 12691 | D:13     | Killed Kirke
 12747 | D:13     | Reached skill level 10 in Shields
 13038 | D:13     | Found a portal to a secret trove of treasure.
 13159 | D:13     | Reached skill level 15 in Axes
 13189 | D:13     | Noticed a two-headed ogre
 13199 | D:13     | Killed a two-headed ogre
 13525 | D:14     | Noticed a centaur warrior
 13540 | D:14     | Killed a centaur warrior
 13540 | D:14     | Reached XP level 13. HP: 105/113 MP: 21/21
 13600 | D:14     | Noticed Josephine
 13606 | D:14     | Killed Josephine
 13610 | D:14     | Reached ***** piety under Beogh
 13617 | D:14     | Reached skill level 10 in Fighting
 13629 | D:14     | Found Dukem's Armour Boutique.
 13648 | D:14     | Found Wuone's Jewellery Emporium.
 13668 | D:14     | Found a sacrificial altar of Ru.
 13752 | D:14     | HP: 4/113 [wolf spider simulacrum (24)]
 13752 | D:14     | Slain by a wolf spider simulacrum

Skill      XL: |  1  2  3  4  5  6  7  8  9 10 11 12 13 |
---------------+----------------------------------------+-----
Axes           | 3 4 5 6 7 8 10 12 13 15 | 15.6
Fighting       | 4 5 7 8 9 10 | 10.1
Shields        | 4 5 6 7 9 10 | 10.8
Evocations     | 1 2 3 4 5 |  5.6
Armour         | 4 5 6 7 8 9 |  9.5
Dodging        | 1 2 |  2.6
Invocations    | 4 7 9 10 11 | 11.2

Action                   |  1- 3 |  4- 6 |  7- 9 | 10-12 | 13-15 || total
-------------------------+-------+-------+-------+-------+-------++-------
Melee: War axe           |    77 |   246 |   366 |   755 |    83 ||  1527
       Falchion          |       |       |       |     3 |       ||     3
Invok: Convert to Beogh  |       |       |     1 |       |       ||     1
       Smiting           |       |       |       |     2 |     1 ||     3
       Recall Orcish Fol |       |       |       |     1 |       ||     1
       Give Item to Name |       |       |       |       |     1 ||     1
 Abil: Evoke Berserk Rag |       |     2 |     1 |     7 |       ||    10
Evoke: Wand              |       |     1 |     2 |     9 |       ||    12
  Use: Potion            |     2 |     3 |    10 |     3 |     1 ||    19
       Scroll            |       |     4 |     9 |     7 |       ||    20
 Stab: Paralysed         |       |       |       |     3 |       ||     3
       Distracted        |       |       |       |     2 |       ||     2
  Eat: Chunk             |       |     7 |    11 |    20 |       ||    38
       Ration            |       |       |     1 |     5 |       ||     6
Armor: Scale mail        |    31 |    10 |       |       |       ||    41
       Chain mail        |       |   121 |   199 |    87 |       ||   407
       Skin              |       |       |    11 |     6 |       ||    17
       Plate armour      |       |       |       |   330 |    34 ||   364
Dodge: Dodged            |    27 |    53 |    96 |   162 |     6 ||   344
Block: Shield            |    45 |   116 |   213 |   143 |       ||   517
       Large shield      |       |       |       |   535 |    66 ||   601
